 Dungeon Sprint DCSS version 0.17-a0-1655-g88a8506 (webtiles) character file.

837 nuthulu the Grappler (level 7, -4/121 HPs)
             Began as a Troll Berserker on Aug 15, 2015.
             Was a High Priest of Trog.
             Slain by a wolf (5 damage)
             ... in the Dungeon (Sprint VII: "The Pits").
             The game lasted 00:01:57 (524 turns).

nuthulu the Grappler (Troll Berserker)               Turns: 524, Time: 00:01:57

Health: -4/121     AC:  5    Str: 31    XL:     7   Next: 66%
Magic:  6/6        EV: 13    Int:  3    God:    Trog [*****.]
Gold:   0          SH:  0    Dex: 11    Spells: 0 memorised, 6 levels left

rFire  . . .     SeeInvis .       - Unarmed
rCold  . . .     Clarity  .     a - +0 animal skin
rNeg   . . .     SustAt   .     (no shield)
rPois  .         Gourm    +     (helmet restricted)
rElec  .         Spirit   .     (no cloak)
rCorr  .         Warding  .     (gloves unavailable)
rMut   .         NoTele   +     (boots unavailable)
MR     .....                    (no amulet)
Stlth  ..........               (no ring)
                                (no ring)

@: berserking, very quick, not resistant to hostile enchantments, extremely
unstealthy
A: unfitting armour, claws 3, fast metabolism 3, gourmand, regeneration 2,
shaggy fur 1, tough skin 2
a: Burn Spellbooks, Berserk, Trog's Hand, Brothers in Arms, Renounce Religion


You were in the Dungeon.
You worshipped Trog.
Trog was extremely pleased with you.
You were not hungry.

You visited 1 branch

Inventory:

Armour
 a - a +0 animal skin (worn)
Scrolls
 h - a scroll of blinking
 l - 3 scrolls of remove curse
 m - a scroll of summoning
Potions
 c - 6 potions of curing
 d - 5 potions of heal wounds
 e - a potion of haste
 f - 4 potions of magic
 g - 3 potions of berserk rage
 k - 2 potions of invisibility
Comestibles
 b - 9 bread rations
 i - 40 fruits
 j - 7 meat rations
 n - 4 chunks of flesh


   Skills:
 + Level 8.6 Fighting
 + Level 8.6 Dodging
 + Level 10.3 Unarmed Combat


You had 6 spell levels left.
You didn't know any spells.

Dungeon Overview and Level Annotations

Branches:
Dungeon (1/1)

Altars:
Ashenzari
Cheibriados
Dithmenos
Elyvilon
Fedhas
Kikubaaqudgha
Makhleb
Nemelex Xobeh
Okawaru
Ru
Sif Muna
Trog
Vehumet
Xom
Yredelemnul
Zin
The Shining One
Beogh
Jiyva
Lugonu


Innate Abilities, Weirdness & Mutations

You are too large for most types of armour.
You have claws for hands.
Your metabolism is lightning-fast.
You like to eat raw meat.
You heal very quickly.
You are covered in fur (AC +1).
You have very tough skin (AC +2).


Message History

The wolf bites you.
* * * LOW HITPOINT WARNING * * *
Unknown command.
Use which ability? (? or * to list)
A red film seems to cover your vision as you go berserk!
You feel yourself moving faster!
You feel mighty!
You feel somewhat more hungry. The wolf bites you.
* * * LOW HITPOINT WARNING * * *
The wolf bites you.
* * * LOW HITPOINT WARNING * * *
The wolf bites you!
* * * LOW HITPOINT WARNING * * *
The wolf barely misses you. The wolf bites you!
* * * LOW HITPOINT WARNING * * *
You miss the wolf.
The wolf is almost dead.
The wolf bites you!
* * * LOW HITPOINT WARNING * * *
The wolf bites you.
You die...

#.#.....#'###...<...#
#รท#........##.......#
#)#........##.......#
#'###########.......#
#.......#).##########
#...#...#)######
#...#...#)#....#
#.##.##.#h#h...#
#...#...#@hh...+
#...#...#h#J...#
#.......'.#....#
################


You could see 5 wolves and an ooze.

Vanquished Creatures
  A two-headed ogre (D)
  A hungry ghost (D)
  A warg (D)
  A wolf (D)
  Purgy (D)
  A centaur (D)
  An orc priest (D)
  A worker ant (D)
  A mummy (D)
  A river rat (D)
  A giant eyeball (D)
  An ufetubus (D)
  2 oozes (D)
  An adder zombie (D)
  3 orcs (D)
  4 jackals (D)
  A bat (D)
  A giant gecko (D)
  A rat (D)
25 creatures vanquished.

Notes
Turn   | Place    | Note
--------------------------------------------------------------
     0 | D        | nuthulu the Troll Berserker began the quest for the Orb.
     0 | D        | Reached XP level 1. HP: 22/22 MP: 0/0
    44 | D        | Found a sacrificial altar of Ru.
    44 | D        | Found a basalt altar of Yredelemnul.
    44 | D        | Found a shadowy altar of Dithmenos.
    44 | D        | Found a deep blue altar of Sif Muna.
    44 | D        | Found a burning altar of Makhleb.
    44 | D        | Found a shimmering altar of Xom.
    44 | D        | Found an ancient bone altar of Kikubaaqudgha.
    44 | D        | Found a sparkling altar of Nemelex Xobeh.
    45 | D        | Found a glowing golden altar of the Shining One.
    45 | D        | Found a bloodstained altar of Trog.
    45 | D        | Found a shattered altar of Ashenzari.
    45 | D        | Found a white marble altar of Elyvilon.
    45 | D        | Found a snail-covered altar of Cheibriados.
    45 | D        | Found a blossoming altar of Fedhas.
    45 | D        | Found a radiant altar of Vehumet.
    45 | D        | Found a glowing silver altar of Zin.
    45 | D        | Found a corrupted altar of Lugonu.
    45 | D        | Found a viscous altar of Jiyva.
    45 | D        | Found a roughly hewn altar of Beogh.
    45 | D        | Found an iron altar of Okawaru.
    55 | D        | Reached XP level 2. HP: 18/31 MP: 1/1
    58 | D        | Reached skill level 4 in Unarmed Combat
    83 | D        | Acquired Trog's second power
    85 | D        | Paralysed by a giant eyeball for 2 turns
   135 | D        | Reached XP level 3. HP: 35/39 MP: 2/2
   150 | D        | Acquired Trog's third power
   210 | D        | Noticed a hungry ghost
   232 | D        | Killed a hungry ghost
   232 | D        | Reached skill level 5 in Fighting
   232 | D        | Reached skill level 5 in Dodging
   232 | D        | Reached skill level 6 in Unarmed Combat
   232 | D        | Reached XP level 4. HP: 52/52 MP: 3/3
   232 | D        | Reached XP level 5. HP: 59/59 MP: 4/4
   253 | D        | Noticed a warg
   255 | D        | Noticed a centaur
   259 | D        | Killed a warg
   259 | D        | Reached skill level 8 in Unarmed Combat
   259 | D        | Reached XP level 6. HP: 60/68 MP: 5/5
   264 | D        | Killed a centaur
   270 | D        | Noticed Purgy
   286 | D        | Killed Purgy
   286 | D        | Reached skill level 9 in Unarmed Combat
   421 | D        | Noticed a worker ant
   429 | D        | Killed a worker ant
   441 | D        | Noticed a two-headed ogre
   443 | D        | Killed a two-headed ogre
   443 | D        | Reached XP level 7. HP: 58/80 MP: 6/6
   481 | D        | Noticed an orc priest
   491 | D        | Killed an orc priest
   491 | D        | Received a gift from Trog
   491 | D        | Reached skill level 10 in Unarmed Combat
   510 | D        | Noticed a big kobold
   510 | D        | Noticed a wolf
   510 | D        | Noticed a wolf
   510 | D        | Noticed a wolf
   510 | D        | Noticed a wolf
   510 | D        | Noticed a wolf
   510 | D        | Noticed a wolf
   520 | D        | Killed a wolf
   524 | D        | HP: 1/121 [wolf (8)]
   524 | D        | Slain by a wolf

Vault maps used:
D:        pitsprint

Action                   |  1- 3 |  4- 6 |  7- 9 || total
-------------------------+-------+-------+-------++-------
Melee: Unarmed           |    60 |    26 |    17 ||   103
Invok: Berserk           |     1 |       |     1 ||     2
       Trog's Hand       |       |     1 |       ||     1
  Use: Potion            |       |       |     1 ||     1
  Eat: Chunk             |     7 |     1 |       ||     8
